 Dungeon Crawl Stone Soup version 0.17.1-3-g152610e (webtiles) character file.

19070 Endymion the Nimble (level 12, -4/106 HPs)
             Began as a Minotaur Hunter on Apr 6, 2016.
             Was a Priest of the Shining One.
             Slain by an orc warlord
             ... wielding a +0 war axe
              (25 damage)
             ... on level 4 of the Orcish Mines.
             The game lasted 01:46:01 (15958 turns).

Endymion the Nimble (Minotaur Hunter)              Turns: 15958, Time: 01:46:01

Health: -4/106     AC:  5    Str: 23    XL:     12   Next: 33%
Magic:  11/11      EV: 18    Int:  8    God:    the Shining One [***...]
Gold:   1132       SH: 19    Dex: 16    Spells: 0 memorised, 11 levels left

rFire  x . .     SeeInvis +     u - +11 flail of Buat {flame, rPois rF- Dex+4 SInv}
rCold  + . .     Clarity  .     c - +1 leather armour
rNeg   + . .     SustAt   .     j - +0 large shield
rPois  +         Gourm    .     b - +1 hat
rElec  +         Spirit   .     (no cloak)
rCorr  .         Warding  .     (no gloves)
rMut   +         Stasis   .     (no boots)
MR     .....                    y - amulet of resist mutation
Stlth  +.........               (no ring)
                                H - ring of Hiugued {rElec rC+ Str+2 Stlth+}

@: glowing, not resistant to hostile enchantments, very unstealthy
A: retaliatory headbutt, horns 2
a: Divine Shield, Renounce Religion


You were on level 4 of the Orcish Mines.
You worshipped the Shining One.
The Shining One was most pleased with you.
You were not hungry.

You visited 3 branches of the dungeon, and saw 16 of its levels.
You also visited: Ossuary and Bailey.

You collected 1404 gold pieces.
You spent 272 gold pieces at shops.

Inventory:

Hand Weapons
 a - a +4 hand crossbow
 n - a +2 dagger of holy wrath
 u - the +11 flail of Buat (weapon) {flame, rPois rF- Dex+4 SInv}
   (You found it on level 5 of the Dungeon)

   It has been specially enchanted to burn those struck by it, causing extra
   injury to most foes and up to half again as much damage against particularly
   susceptible opponents.
   It affects your dexterity (+4).
   It makes you vulnerable to fire.
   It protects you from poison.
   It lets you see invisible.
 z - the +6 hand crossbow of Vanity {velocity, rElec Stlth+}
   (You bought it in a shop on level 2 of the Orcish Mines)

   Any bolt fired from it inflicts extra damage.
   It insulates you from electricity.
   It makes you more stealthy.
 K - the +4 trident of the Ring {speed, rF+ rN+ Int+5}
   (You found it on level 10 of the Dungeon)

   Attacks with this weapon are significantly faster.
   It affects your intelligence (+5).
   It protects you from fire.
   It protects you from negative energy.
Missiles
 d - 113 bolts
 C - 2 throwing nets (quivered)
 E - 17 silver bolts
Armour
 b - a +1 hat (worn)
 c - a +1 leather armour (worn)
 j - a +0 large shield (worn)
Jewellery
 i - an uncursed ring of stealth
 y - an amulet of resist mutation (around neck)
 G - an uncursed ring of see invisible
 H - the ring of Hiugued (left hand) {rElec rC+ Str+2 Stlth+}
   (You found it on level 10 of the Dungeon)

   [ring of protection from cold]

   It affects your strength (+2).
   It protects you from cold.
   It insulates you from electricity.
   It makes you more stealthy.
Wands
 m - a wand of paralysis (17)
 x - a wand of digging (20)
 I - a wand of slowing (19)
 J - a wand of digging (15)
 Q - a wand of confusion (23)
Scrolls
 g - 2 scrolls of amnesia
 o - 3 scrolls of fog
 p - 2 scrolls of magic mapping
 s - 7 scrolls of enchant armour
 w - 5 scrolls of remove curse
 N - a scroll of holy word {unknown}
 O - a scroll of teleportation
 R - a scroll of identify
Potions
 h - 2 potions of brilliance
 k - a potion of invisibility
 l - a potion of haste
 q - 3 potions of flight
 r - 2 potions of heal wounds
 t - 2 potions of lignification
 v - 6 potions of curing
 D - a potion of agility
 M - 2 potions of berserk rage
Books
 F - a book of Beasts

   Spells                             Type                      Level
   a - Summon Butterflies             Summoning                    1
   b - Call Canine Familiar           Summoning                    3
   c - Summon Ice Beast               Ice/Summoning                4
   d - Summon Mana Viper              Hexes/Summoning              5
   e - Summon Hydra                   Summoning                    7
 P - a book of the Dragon

   Spells                             Type                      Level
   a - Flame Tongue                   Conjuration/Fire             1
   b - Cause Fear                     Hexes                        4
   c - Bolt of Fire                   Conjuration/Fire             6
   d - Dragon Form                    Transmutation                7
   e - Dragon's Call                  Summoning                    9
Miscellaneous
 L - a plain deck of defence
Comestibles
 e - 8 bread rations
 f - 8 meat rations
 A - 13 fruits
 B - 2 slices of pizza


   Skills:
 + Level 10.3 Fighting
 + Level 9.1 Maces & Flails
 + Level 9.0 Crossbows
 + Level 12.8 Dodging
 - Level 0.7 Stealth
 + Level 12.0 Shields
 + Level 0.2 Invocations


You had 11 spell levels left.
You didn't know any spells.

Dungeon Overview and Level Annotations

Branches:
Dungeon (11/15)            Temple (1/1) D:7            Lair (0/8) D:8
    Orc (4/4) D:11            Elf (0/3) Orc:4

Altars:
Ashenzari
Cheibriados
Dithmenos
Elyvilon
Fedhas
Gozag
Kikubaaqudgha
Makhleb
Nemelex Xobeh
Okawaru
Qazlal
Ru
Sif Muna
Trog
Vehumet
Xom
Yredelemnul
Zin
The Shining One
Beogh

Shops:
D:4 [   Orc:2 (


Innate Abilities, Weirdness & Mutations

You reflexively headbutt those who attack you in melee.
You have a pair of horns on your head.


Message History

The orc warrior is heavily wounded.
The orc warrior barely misses you. You block the orc warrior's attack.
You block the orc's attack.
You sock the orc warrior! You burn the orc warrior.
The orc warrior is almost dead.
The orc warlord roars a battlecry!
The orcs go into a battle-frenzy!
You block the orc warlord's attack. The orc warrior completely misses you.
You block the orc's attack. The orc warrior barely misses you.
You thump the orc warrior! You burn the orc warrior.
You kill the orc warrior!
You block the orc warlord's attack. The orc completely misses you.
You furiously retaliate!
You headbutt the orc!
You kill the orc!
The orc warrior hits you with an enchanted dire flail!!
* * * LOW HITPOINT WARNING * * *
You completely miss the orc warrior. You headbutt the orc warrior.
The orc warrior is moderately wounded.
The orc warlord hits you with a war axe!!
You die...

#..((...............######
##.........#........#
####...##..........#
##.#............#
#...............#
##..............# .
###..)............#.8.
##....))......)o...'...
#.<..)........)@o>.#####
##)##.........)).........
##.#.....................
#........................
##..........#####........
#........### ###......
#...#...## #.....
####......# .....
.........## ...


You could see an orc warlord and an orc warrior (frenzied).

Vanquished Creatures
  The ghost of Shenda the Blocker, a journeyman MiGl of Makhleb (Orc:3)
  Erica (Orc:1)
  Urug (Orc:2)
  Nergalle (D:11)
  An unseen horror (D:10)
  A hill giant (D:11)
  An orc sorcerer (D:11)
  An orc knight (Bailey)
  An ugly thing (D:11)
  A cyclops (Orc:4)
  Joseph (D:8)
  2 gargoyles
  2 trolls
  Grinder (D:6)
  Prince Ribbit (D:6)
  A two-headed ogre (D:10)
  A shadow (D:11)
  17 yaks
  2 hungry ghosts (D:8)
  A hippogriff (D:11)
  A deep elf fighter (D:8)
  14 orc warriors
  A water moccasin (D:11)
  A sky beast (D:11)
  3 black bears
  A phantom (D:9)
  5 ice beasts
  11 ogres
  3 centaurs
  4 big kobolds
  5 giant frogs
  A wyvern skeleton (D:11)
  2 scorpions
  2 wyvern zombies
  4 water moccasin zombies (Ossuary)
  4 wights (D:9)
  4 killer bees (D:7)
  A centaur zombie (D:9)
  12 crimson imps
  6 hounds
  A human zombie (D:4)
  5 giant frog skeletons
  2 giant frog zombies
  Crazy Yiuf (D:6)
  5 centaur skeletons
  Ijyb (D:2)
  17 orc priests
  23 orc wizards
  8 worker ants
  A hound zombie (D:10)
  A worker ant zombie (D:9)
  2 hound skeletons
  2 mummies (Ossuary)
  9 gnolls
  12 adders
  5 shadow imps
  A worm zombie (D:4)
  8 adder zombies
  5 worms
  8 giant geckos
  164 orcs
  A ball python (D:4)
  20 bats
  6 giant cockroaches
  10 goblins
  7 hobgoblins
  23 jackals
  5 quokkas
  2 giant gecko skeletons
  4 giant newts
  2 gnoll zombies (Ossuary)
  5 hobgoblin zombies (Ossuary)
  34 kobolds
  4 kobold zombies (Ossuary)
  8 orc zombies (Ossuary)
  A quokka zombie (D:9)
  12 rats
  A fungus (D:6)
  A plant (D:3)
551 creatures vanquished.

Notes
Turn   | Place    | Note
--------------------------------------------------------------
     0 | D:1      | Endymion the Minotaur Hunter began the quest for the Orb.
     0 | D:1      | Reached XP level 1. HP: 18/18 MP: 0/0
   291 | D:1      | Reached XP level 2. HP: 23/25 MP: 1/1
   587 | D:1      | Reached skill level 5 in Crossbows
   823 | D:2      | Reached XP level 3. HP: 27/30 MP: 2/2
   997 | D:2      | Reached XP level 4. HP: 12/37 MP: 3/3
  1270 | D:2      | Noticed Ijyb
  1289 | D:2      | Killed Ijyb
  1416 | D:2      | Reached skill level 6 in Crossbows
  1485 | D:3      | Reached XP level 5. HP: 10/44 MP: 4/4
  2070 | D:3      | Found a sacrificial altar of Ru.
  2552 | D:4      | Reached XP level 6. HP: 51/51 MP: 5/5
  2613 | D:4      | Found Mugg's Armour Shop.
  2696 | D:4      | Found a shimmering altar of Xom.
  2715 | D:4      | Reached skill level 5 in Dodging
  2754 | D:4      | Found a shattered altar of Ashenzari.
  2813 | D:4      | Found a sand-covered staircase.
  2850 | Ossuary  | Entered an ossuary
  2880 | Ossuary  | Reached XP level 7. HP: 32/58 MP: 6/6
  3276 | Ossuary  | Reached skill level 7 in Crossbows
  3540 | Ossuary  | Reached skill level 5 in Fighting
  4023 | D:5      | Entered Level 5 of the Dungeon
  4323 | D:5      | Found a white marble altar of Elyvilon.
  4380 | D:5      | Reached skill level 1 in Shields
  4660 | D:5      | Reached XP level 8. HP: 70/70 MP: 7/7
  4757 | D:5      | Found a radiant altar of Vehumet.
  5350 | D:5      | Got a crude flail
  5351 | D:5      | Identified the +11 flail of Buat {flame, rPois rF- Dex+4 SInv} (You found it on level 5 of the Dungeon)
  5452 | D:6      | Noticed Grinder
  5459 | D:6      | Paralysed by Grinder for 7 turns
  5467 | D:6      | Paralysed by Grinder for 3 turns
  5473 | D:6      | Killed Grinder
  5557 | D:6      | Reached skill level 8 in Dodging
  5910 | D:6      | Noticed Crazy Yiuf
  5915 | D:6      | Killed Crazy Yiuf
  5915 | D:6      | Reached XP level 9. HP: 79/79 MP: 8/8
  6031 | D:6      | Noticed Prince Ribbit
  6046 | D:6      | Killed Prince Ribbit
  6599 | D:7      | Reached skill level 9 in Dodging
  6599 | D:7      | Reached skill level 5 in Shields
  6893 | D:7      | Found a staircase to the Ecumenical Temple.
  6938 | Temple   | Entered the Ecumenical Temple
  7421 | D:8      | Reached skill level 1 in Maces & Flails
  7554 | D:8      | Noticed Joseph
  7903 | D:8      | Killed Joseph
  7976 | D:8      | Found a staircase to the Lair.
  8101 | D:8      | Reached skill level 10 in Dodging
  8440 | D:8      | Reached XP level 10. HP: 88/88 MP: 9/9
  9073 | D:9      | Found a flagged portal.
  9082 | Bailey   | Entered a bailey
  9158 | Bailey   | Noticed an orc knight
  9267 | Bailey   | Noticed an orc knight
  9305 | Bailey   | Killed an orc knight
  9995 | D:9      | Found a glowing golden altar of the Shining One.
  9999 | D:9      | Noticed an angel
 10004 | D:9      | Became a worshipper of the Shining One
 10013 | D:9      | Found a basalt altar of Yredelemnul.
 10015 | D:9      | Noticed a profane servitor
 10609 | D:9      | Reached skill level 5 in Maces & Flails
 10661 | D:9      | Found a sparkling altar of Nemelex Xobeh.
 11051 | D:10     | Entered Level 10 of the Dungeon
 11141 | D:10     | Found a blossoming altar of Fedhas.
 11349 | D:10     | Got a pitted amber ring
 11350 | D:10     | Identified the ring of Hiugued {rElec rC+ Str+2 Stlth+} (You found it on level 10 of the Dungeon)
 11570 | D:10     | Reached skill level 11 in Dodging
 11573 | D:10     | Reached XP level 11. HP: 84/95 MP: 10/10
 11637 | D:10     | Got a twisted trident
 11638 | D:10     | Identified the +4 trident of the Ring {speed, rF+ rN+ Int+5} (You found it on level 10 of the Dungeon)
 11744 | D:10     | Noticed an unseen horror
 11756 | D:10     | Killed an unseen horror
 11756 | D:10     | Reached skill level 10 in Shields
 11767 | D:10     | Reached * piety under the Shining One
 12160 | D:11     | Noticed Nergalle
 12167 | D:11     | Noticed a spectral orc warlord
 12175 | D:11     | Killed Nergalle
 12489 | D:11     | Noticed a hill giant
 12502 | D:11     | Killed a hill giant
 12627 | D:11     | Found a staircase to the Orcish Mines.
 12927 | D:11     | Reached skill level 12 in Dodging
 13337 | D:11     | Reached ** piety under the Shining One
 13495 | Orc:1    | Entered Level 1 of the Orcish Mines
 13504 | Orc:1    | Paralysed by an orc sorcerer for 3 turns
 13515 | D:11     | Paralysed by an orc sorcerer for 7 turns
 13953 | Orc:1    | You fall through a shaft!
 13953 | Orc:2    | Found a roughly hewn altar of Beogh.
 14357 | Orc:2    | Reached XP level 12. HP: 97/106 MP: 11/11
 14385 | Orc:2    | Reached skill level 10 in Fighting
 14479 | Orc:2    | Found Wikunog's Antique Weapon Boutique.
 14486 | Orc:2    | Noticed Urug
 14505 | Orc:2    | Killed Urug
 14815 | Orc:2    | Bought an iridescent hand crossbow for 272 gold pieces
 14815 | Orc:2    | Identified the +6 hand crossbow of Vanity {velocity, rElec Stlth+} (You bought it in a shop on level 2 of the Orcish Mines)
 15033 | Orc:1    | Noticed Erica
 15043 | Orc:1    | Killed Erica
 15270 | Orc:3    | Noticed Shenda's ghost (journeyman MiGl)
 15280 | Orc:3    | Reached *** piety under the Shining One
 15496 | Orc:3    | Killed Shenda's ghost
 15721 | Orc:4    | Entered Level 4 of the Orcish Mines
 15745 | Orc:4    | Found a staircase to the Elven Halls.
 15905 | Orc:4    | Noticed an orc warlord
 15944 | Orc:3    | Found a burning altar of Makhleb.
 15958 | Orc:4    | Slain by an orc warlord

Action                   |  1- 3 |  4- 6 |  7- 9 | 10-12 || total
-------------------------+-------+-------+-------+-------++-------
Melee: Short sword       |    58 |   176 |       |       ||   234
       Dagger            |       |    75 |   189 |       ||   264
       Flail             |       |       |   180 |   569 ||   749
       Spear             |       |       |    42 |       ||    42
 Fire: Hand crossbow     |    19 |    20 |    36 |    49 ||   124
Invok: Divine Shield     |       |       |       |     1 ||     1
Evoke: Rod               |       |     2 |       |       ||     2
  Use: Potion            |       |    11 |     4 |     6 ||    21
       Scroll            |       |    11 |     8 |     6 ||    25
 Stab: Sleeping          |       |     1 |     2 |     2 ||     5
  Eat: Chunk             |       |     8 |    11 |    18 ||    37
       Fruit             |       |       |     3 |     2 ||     5
       Bread ration      |       |       |     1 |       ||     1
       Beef jerky        |       |       |     1 |       ||     1
       Meat ration       |       |       |       |     1 ||     1
